 Dungeon Crawl Stone Soup version 0.21-a0-221-gfe971b9 (webtiles) character file.

12607 macv the Basher (level 11, 0/81 HPs)
             Began as an Octopode Fighter on Aug 27, 2017.
             Was an Initiate of Gozag.
             Slain by a two-headed ogre
             ... wielding a +0 giant club
              (15 damage)
             ... on level 10 of the Dungeon.
             The game lasted 00:24:59 (13038 turns).

macv the Basher (Octopode Fighter)                 Turns: 13038, Time: 00:24:59

Health: 0/81       AC:  8    Str: 16    XL:     11   Next: 96%
Magic:  15/15      EV: 16    Int: 11    God:    Gozag
Gold:   1439       SH: 11    Dex: 14    Spells: 10/10 levels left

rFire    . . .     SeeInvis .   u - +1 flail (protect)
rCold    . . .     Gourm    .   b - +1 shield
rNeg     . . .     Faith    .   (helmet restricted)
rPois    .         Spirit   .   i - amulet of rage
rElec    .         Reflect  .   m - ring of wizardry
rCorr    .         Harm     .   (no ring)
MR       .....                  (no ring)
Stlth    ++........             (no ring)
HPRegen  0.23/turn              (no ring)
MPRegen  0.14/turn              (no ring)
                                (no ring)
                                (no ring)

@: protection aura
A: almost no armour, stealthy swim, amphibious, 8 rings, constrict 8, camouflage
1, gelatinous body 1
a: Potion Petition, Call Merchant, Bribe Branch, Renounce Religion, Evoke
Berserk Rage


You were on level 10 of the Dungeon.
You worshipped Gozag.
Gozag was most pleased with you.
You were not hungry.

You visited 2 branches of the dungeon, and saw 11 of its levels.
You also visited: Ossuary.

You collected 2188 gold pieces.
You paid 749 gold pieces to Gozag.

Inventory:

Hand Weapons
 a - a +0 flail of flaming
 u - a +1 flail of protection (weapon)
 B - a +0 blowgun
 G - a +0 short sword
Missiles
 n - 222 stones (quivered)
 A - 6 curare-tipped needles
Armour
 b - a +1 shield (worn)
 E - a +0 plate armour
Jewellery
 c - an uncursed amulet of guardian spirit {unknown}
 i - an amulet of rage (around mantle)
 m - a ring of wizardry (left tentacle)
 y - an uncursed ring of fire
Wands
 z - a wand of disintegration (2/24)
Scrolls
 f - 2 scrolls of blinking
 g - a scroll of recharging
 h - 2 scrolls of immolation
 j - 2 scrolls of teleportation
 l - 3 scrolls of remove curse
 o - 3 scrolls of magic mapping
 p - a scroll of noise
 q - a scroll of enchant armour
 s - a scroll of fog
 F - a scroll of enchant weapon {unknown}
Potions
 e - 2 potions of brilliance
 k - 3 potions of flight
 t - 2 potions of agility {unknown}
 w - 2 potions of ambrosia {unknown}
 C - a potion of heal wounds
Miscellaneous
 D - a lightning rod (4/4)
Comestibles
 d - 5 bread rations
 r - 2 meat rations
 v - 2 fruits
 x - a royal jelly


   Skills:
 + Level 9.7 Fighting
 - Level 12.5 Maces & Flails
 + Level 7.2 Dodging
 - Level 7.0 Shields
 * Level 5.7 Evocations


You had 10 spell levels left.
You didn't know any spells.

Dungeon Overview and Level Annotations

Branches:
Dungeon (10/15)            Temple (1/1) D:4            Lair (0/6) D:10
    Orc (0/2) D:9

Altars:
Ashenzari
Cheibriados
Dithmenos
Elyvilon
Fedhas
Gozag
Hepliaklqana
Kikubaaqudgha
Makhleb
Nemelex Xobeh
Okawaru
Qazlal
Ru
Sif Muna
Trog
Uskayaw
Vehumet
Wu Jian
Xom
Yredelemnul
Zin
The Shining One

Shops:
D:8 (   D:9 %[   D:10 (

Annotations:
D:10 exclusion: 2 orange crystal statues


Innate Abilities, Weirdness & Mutations

You cannot wear most types of armour.
You are very stealthy in the water. (Stealth+)
You are amphibious.
You can wear up to eight rings at the same time.
You can use your tentacles to constrict eight enemies at once.
Your skin changes colour to match your surroundings (Stealth+).
Your rubbery body absorbs attacks. (AC +1, EV +1)


Message History

Your weapon exudes an aura of protection.
The two-headed ogre is lightly wounded.
You hit the two-headed ogre but do no damage.
The two-headed ogre is lightly wounded.
You block the two-headed ogre's attack.
The two-headed ogre hits you with a giant club!
Unknown command.
You hit the two-headed ogre. You squeeze the two-headed ogre!
The two-headed ogre is moderately wounded.
You block the two-headed ogre's attack. The two-headed ogre misses you.
You thump the two-headed ogre! You squeeze the two-headed ogre!
The two-headed ogre is heavily wounded.
You thump the two-headed ogre!
Your squeeze misses the two-headed ogre.
The two-headed ogre is severely wounded.
The two-headed ogre hits you with a giant club!!
* * * LOW HITPOINT WARNING * * *
The two-headed ogre hits you with a giant club!
You die...
Your body crumbles into a pile of gold.

###......####.#
#.#.#..####.#
#.#.#.).)))..
#...#.#####+# #.###.#
##... #.# #.###....
###.###)##..... $
..########......)#......
(((((.O@...###...'......
$ ....#####..#
#.###...... . #..###.#
##..... #......# ##.>..
#.###### ##... #.# ##'#
#.# #)# #.# #.# #.# ##.#


You could see a two-headed ogre.

Vanquished Creatures
  Erolcha (D:8)
  4 two-headed ogres
  3 death yaks
  Psyche (D:10)
  6 hippogriffs
  A wyvern (D:7)
  A spriggan (D:7)
  A vampire (D:8)
  Menkaure (D:7)
  3 wargs (D:9)
  A hungry ghost (D:7)
  4 orc warriors
  A black bear (D:10)
  3 phantoms
  3 sky beasts
  5 ice beasts
  4 centaurs
  5 ogres
  5 bullfrogs
  2 big kobolds (D:9)
  3 scorpions
  A water moccasin zombie (D:8)
  3 killer bees (D:8)
  4 wights (D:8)
  3 howler monkeys
  7 crimson imps
  2 bullfrog zombies
  A quasit (D:8)
  A centaur zombie (Ossuary)
  A centaur skeleton (D:10)
  A human zombie (Ossuary)
  5 hounds
  4 bullfrog skeletons
  5 orc priests
  12 orc wizards
  2 iguanas
  11 worker ants
  2 hound skeletons (D:9)
  5 mummies (Ossuary)
  A worker ant zombie (D:5)
  8 gnolls
  10 adders
  A howler monkey skeleton (D:9)
  5 river rats
  2 shadow imps
  3 oozes (D:3)
  2 adder zombies
  2 adder skeletons
  2 worms
  A dart slug (D:2)
  3 leopard geckos
  34 orcs
  7 giant cockroaches
  6 goblins
  7 hobgoblins
  12 jackals
  6 quokkas
  2 ball pythons
  7 bats
  5 frilled lizards
  A giant cockroach zombie (D:6)
  A goblin zombie (Ossuary)
  A jackal zombie (D:7)
  15 kobolds
  An orc zombie (Ossuary)
  A quokka skeleton (D:9)
  8 rats
282 creatures vanquished.

Vanquished Creatures (others)
  A quokka (D:8)
1 creature vanquished.

Grand Total: 283 creatures vanquished

Notes
Turn   | Place    | Note
-------+----------+-------------------------------------------
     0 | D:1      | macv the Octopode Fighter began the quest for the Orb.
     0 | D:1      | Reached XP level 1. HP: 16/16 MP: 1/1
   302 | D:1      | Reached XP level 2. HP: 21/21 MP: 2/2
   924 | D:2      | Reached XP level 3. HP: 20/26 MP: 3/3
  1855 | D:2      | Reached skill level 3 in Maces & Flails
  1855 | D:2      | Reached XP level 4. HP: 31/31 MP: 4/4
  3060 | D:3      | Reached XP level 5. HP: 27/36 MP: 5/5
  3461 | D:4      | Reached XP level 6. HP: 33/43 MP: 6/6
  3580 | D:4      | Reached skill level 4 in Maces & Flails
  3588 | D:4      | Found a staircase to the Ecumenical Temple.
  3599 | Temple   | Entered the Ecumenical Temple
  3705 | Temple   | Became a worshipper of Gozag Ym Sagoz the Greedy
  4060 | D:5      | Entered Level 5 of the Dungeon
  4149 | D:5      | Reached skill level 5 in Shields
  4364 | D:5      | Reached XP level 7. HP: 43/49 MP: 7/7
  4550 | D:5      | Found a sand-covered staircase.
  4557 | Ossuary  | Entered an ossuary
  4781 | Ossuary  | Reached skill level 5 in Maces & Flails
  4917 | D:6      | Reached XP level 8. HP: 36/54 MP: 8/8
  5022 | D:6      | Found an iron altar of Okawaru.
  5070 | D:6      | Noticed Menkaure
  5228 | D:7      | Killed Menkaure
  5228 | D:7      | Reached skill level 5 in Fighting
  5336 | D:6      | Reached skill level 6 in Maces & Flails
  6077 | D:7      | Reached skill level 1 in Evocations
  6131 | D:7      | Noticed a hippogriff
  6287 | D:7      | Killed a hippogriff
  6287 | D:7      | Reached skill level 7 in Maces & Flails
  6331 | D:7      | Reached XP level 9. HP: 37/62 MP: 10/10
  6578 | D:7      | Reached skill level 8 in Maces & Flails
  6932 | D:7      | Reached skill level 9 in Maces & Flails
  7945 | D:8      | Reached XP level 10. HP: 65/71 MP: 13/13
  8438 | D:8      | Found a white marble altar of Elyvilon.
  8453 | D:8      | Noticed a two-headed ogre
  8467 | D:8      | Killed a two-headed ogre
  8467 | D:8      | Reached skill level 10 in Maces & Flails
  8943 | D:8      | Found Ximiappo's Antique Weapon Shop.
  8981 | D:8      | Noticed a two-headed ogre
  8988 | D:8      | Killed a two-headed ogre
  8988 | D:8      | Reached skill level 5 in Dodging
  9128 | D:9      | Reached skill level 11 in Maces & Flails
  9417 | D:9      | Found a staircase to the Orcish Mines.
  9420 | D:9      | Found a sacrificial altar of Ru.
  9771 | D:9      | Noticed a two-headed ogre
  9779 | D:9      | Killed a two-headed ogre
  9779 | D:9      | Reached XP level 11. HP: 78/78 MP: 14/14
  9867 | D:9      | Found Wuroudah's Food Shop.
 10298 | D:9      | Noticed Erolcha
 10356 | D:8      | Killed Erolcha
 10534 | D:8      | Reached skill level 12 in Maces & Flails
 11445 | D:10     | Entered Level 10 of the Dungeon
 11456 | D:10     | Noticed a death yak
 11545 | D:10     | Noticed a death yak
 11557 | D:9      | Killed a death yak
 11872 | D:10     | Noticed a death yak
 11882 | D:10     | Killed a death yak
 11889 | D:10     | Killed a death yak
 12011 | D:10     | Found a staircase to the Lair.
 12138 | D:10     | Noticed a two-headed ogre
 12154 | D:10     | Killed a two-headed ogre
 12154 | D:10     | Reached skill level 5 in Evocations
 12716 | D:10     | Noticed Psyche
 12723 | D:10     | Killed Psyche
 12839 | D:10     | Found Fuet's Antique Weapon Shop.
 12942 | D:10     | Noticed an orange crystal statue
 12942 | D:10     | Noticed an orange crystal statue
 13026 | D:10     | Noticed a two-headed ogre
 13038 | D:10     | Slain by a two-headed ogre

Vault maps used:
D:1:      enne_arrival_octagon_isle, serial_bayou_pond_d
D:3:      minmay_misc_feat_ornament
D:4:      minmay_temple_entry_grid, first_bread
D:5:      nicolae_ossuary_entry_monument
D:6:      basic_altar, st_stairs_1, uniq_menkaure
D:7:      the_bakery
D:8:      elyvilon_altar_4, serial_shops, nicolae_shop_waterfront
D:9:      minmay_orc_entry_guard_dogs, serial_shops, shop,
          nicolae_ru_awakened_eye, uniq_erolcha
D:10:     dpeg_lair_monsters, serial_shops, nicolae_shop_overgrown_old_shop,
          david_greed, uniq_psyche
Temple:   kilobyte_greek_temple
Ossuary:  ossuary_crypta

Skill      XL: |  1  2  3  4  5  6  7  8  9 10 11 |
---------------+----------------------------------+-----
Maces & Flails | 3 4 5 7 9 11 12 | 12.5
Shields        | 4 5 6 7 |  7.0
Fighting       | 4 6 7 8 9 |  9.7
Evocations     | 2 4 5 |  5.7
Dodging        | 5 7 |  7.2

Action                   |  1- 3 |  4- 6 |  7- 9 | 10-12 || total
-------------------------+-------+-------+-------+-------++-------
Melee: Flail             |    66 |   121 |   222 |   366 ||   775
       Constrict         |    17 |    29 |    42 |    55 ||   143
       Tentacles         |    11 |    20 |    61 |    80 ||   172
Throw: Stone             |       |       |    10 |    17 ||    27
Invok: Potion Petition   |       |       |     1 |     1 ||     2
       Call Merchant     |       |       |       |     1 ||     1
 Abil: Evoke Berserk Rag |       |       |     2 |     3 ||     5
Evoke: Wand              |       |       |     3 |    17 ||    20
  Use: Scroll            |       |    11 |     6 |     4 ||    21
       Potion            |       |       |     7 |       ||     7
 Stab: Sleeping          |     7 |     5 |     2 |     4 ||    18
       Distracted        |     1 |     1 |       |     5 ||     7
  Eat: Chunk             |     3 |     4 |       |       ||     7
       Meat ration       |       |     1 |     2 |       ||     3
       Bread ration      |       |       |     1 |     4 ||     5
       Fruit             |       |       |       |     1 ||     1
Armor: Skin              |     3 |    21 |    32 |    50 ||   106
Dodge: Dodged            |    36 |    41 |    73 |   145 ||   295
Block: Shield            |    23 |    56 |    89 |   188 ||   356

Table legend:
 A = Spawn XP
 B = Non-spawn XP
 C = Spawn XP percentage of total XP
 D = Spawn monster count
 E = Non-spawn monster count
 F = Spawn count percentage of total count
 G = Total turns spent on level
                    A         B        C        D         E        F      G
               +---------+---------+-------+---------+---------+-------+---------
         Total |    1579 |   16431 |   8.8 |      32 |     250 |  11.3 | 13038
               +---------+---------+-------+---------+---------+-------+---------
           D:1 |       4 |      27 |  12.9 |       2 |      19 |   9.5 |   919
           D:2 |       1 |      58 |   1.7 |       1 |      21 |   4.5 |  1233
           D:3 |      14 |      88 |  13.7 |       1 |      17 |   5.6 |  1199
           D:4 |       4 |     204 |   1.9 |       2 |       5 |  28.6 |   566
           D:5 |       0 |     352 |   0.0 |       0 |      24 |   0.0 |   549
           D:6 |     112 |     584 |  16.1 |       3 |      17 |  15.0 |  1046
           D:7 |     180 |    2515 |   6.7 |       5 |      36 |  12.2 |  1496
           D:8 |     656 |    4659 |  12.3 |       8 |      27 |  22.9 |  2593
           D:9 |     221 |    4071 |   5.1 |       7 |      40 |  14.9 |  1818
          D:10 |     387 |    3692 |   9.5 |       3 |      35 |   7.9 |  1205
       Ossuary |       0 |     181 |   0.0 |       0 |       9 |   0.0 |   271
               +---------+---------+-------+---------+---------+-------+---------
